Cogmind - Beta 14 @@@ ROGUE MODE // 2024.11.09 @ 11:26:13 Player: Fangrelle Result: Destroyed by D-53 Grenadier with Mini Grenade Launcher Performance ------------- Evolutions (0) 0 Regions Visited (4) 800 Robots Destroyed (47) 235 Value Destroyed (1080) 1080 Prototype IDs (24) 480 Alien Tech Used (0) 0 Bonus (329) 329 TOTAL SCORE: 2924 Bonus ------- Follower Combat Kills 159 Aligned with FarCom 300 Friendly Fire -130 Cogmind --------- Core Integrity 0/250 Matter 264/300 Energy 86/100 System Corruption 2% Temperature Cool (4) Movement Treading (320) Ox2 Location -9/Mines Parts ------- > --- POWER (1) -------- (None) > --- PROPULSION (2) --- Light Treads Light Treads > --- UTILITY (2) ------ Huge Storage Unit Light Armor Plating > --- WEAPON (2) ------- Autogun Autogun > --- INVENTORY (25) --- Reinforced Deuterium Engine Light Fission Core Improved Flight Unit Improved Flight Unit Improved Flight Unit Flying Fortress v7 Humpback High-capacity Matter Pod (200) High-capacity Matter Pod (200) Machine Analyzer Experimental Sensor Array Hacking Suite Autogun Proton Bomb Trap Proton Bomb Trap Proton Bomb Trap Peak State ------------ > --- POWER ------------ Ion Engine > --- PROPULSION ------- Light Treads Light Treads > --- UTILITY ---------- Huge Storage Unit Light Armor Plating > --- WEAPON ----------- Autogun Autogun > --- INVENTORY -------- Reinforced Deuterium Engine Reinforced Deuterium Engine Light Fission Core Improved Flight Unit Improved Flight Unit Improved Flight Unit Flying Fortress v7 Humpback High-capacity Matter Pod High-capacity Matter Pod Machine Analyzer Experimental Sensor Array Light Armor Plating Light Armor Plating Hacking Suite Autogun Autogun Proton Bomb Trap Proton Bomb Trap Proton Bomb Trap [Rating: 17] Favorites ----------- Power Ion Engine Engine Ion Engine Propulsion Light Treads Treads Light Treads Wheel Wheel Flight Unit Improved Flight Unit Utility Huge Storage Unit Device Seismic Detector Storage Huge Storage Unit Processor Visual Processing Unit Protection Light Armor Plating Weapon Autogun Ballistic Gun Autogun Special Weapon Mining Laser Build | -11 -10 -10 -10 -9 ------- Run | Yrd Mat Min Exi Min Slots Evolved . | . . . . . Power . | . . . . . Propulsion . | . . . . . Utility . | . . . . . Weapon . | . . . . . Parts Attached 32 | 7 15 3 2 5 Power 3 | 1 2 . . . Engine 3 | 1 2 . . . Core . | . . . . . Reactor . | . . . . . Propulsion 8 | 2 4 2 . . Treads 5 | 2 1 2 . . Leg . | . . . . . Wheel 2 | . 2 . . . Hover . | . . . . . Flight 1 | . 1 . . . Utility 9 | 2 3 . 2 2 Device 1 | 1 . . . . Storage 3 | 1 1 . 1 . Processor 1 | . 1 . . . Hackware . | . . . . . Protection 4 | . 1 . 1 2 Artifact . | . . . . . Weapon 12 | 2 6 1 . 3 Energy Gun . | . . . . . Energy Cannon . | . . . . . Ballistic Gun 10 | 2 5 . . 3 Ballistic Cannon . | . . . . . Launcher . | . . . . . Special Weapon 2 | . 1 1 . . Impact Weapon . | . . . . . Slashing Weapon . | . . . . . Piercing Weapon . | . . . . . Special Melee Weapon . | . . . . . Unidentified Prototypes 1 | . 1 . . . Parts Lost 7 | . 3 . . 4 Power 2 | . 1 . . 1 Propulsion 1 | . 1 . . . Utility 2 | . . . . 2 Weapon 2 | . 1 . . 1 Highest Loss Streak 4 | . 2 . . 4 To Critical Strikes . | . . . . . Average Slot Usage (%) 93 | . 99 99 71 99 Engine 13 | . 13 14 14 13 Treads 25 | . 21 27 28 28 Wheel 2 | . 6 . . . Storage 14 | . 14 14 14 14 Processor 2 | . 6 . . . Protection 10 | . 5 14 13 14 Ballistic Gun 19 | . 24 27 . 27 Special Weapon 1 | . 3 . . . Peak Build Rating 17 | 7 14 13 12 17 Average Rating 11 | 6 10 12 11 16 On Entrance 8 | . 7 13 8 12 Naked Turns . | . . . . . Heaviest Build 94 | 15 94 94 88 94 Greatest Support 40 | 40 40 40 40 40 Greatest Overweight (x) 30 | 3 30 4 2 2 Average Overweight (x) 2 | . 3 2 2 2 Largest Inventory Capacity 25 | 8 25 25 25 25 Average Capacity 21 | 7 18 25 25 25 Most Carried 25 | 7 21 25 25 24 Average Carried 19 | 4 13 23 24 23 Final Capacity 25 | 8 25 25 25 25 Final Carried 25 | 7 21 21 25 20 Class Distribution -------------------- 97% | Mutant Dominant Class ---------------- Mutant | -10/Materials Mutant | -10/Mines Mutant | -10/Exiles Mutant | -9/Mines Resources | -11 -10 -10 -10 -9 ----------- Run | Yrd Mat Min Exi Min Matter Collected 2014 | 374 941 215 397 87 Remotely . | . . . . . Salvage Created 1598 | 183 1153 146 . 116 Parts 104 | 17 70 10 . 7 Haulers Intercepted 2 | . 2 . . . Recyclers Shooed . | . . . . . Parts Field Recycled . | . . . . . Retrieved Matter . | . . . . . Parts Self-Destructed . | . . . . . Prevented . | . . . . . Kills | -11 -10 -10 -10 -9 ------- Run | Yrd Mat Min Exi Min Combat Hostiles Destroyed 25 | . 19 3 . 3 Guns 25 | . 19 3 . 3 Classes Destroyed 12 | 3 6 2 . 1 Worker 3 | 2 1 . . . Builder 1 | . 1 . . . Tunneler 6 | 4 2 . . . Hauler 2 | . 2 . . . Recycler 2 | 1 1 . . . Mechanic 1 | . 1 . . . Operator 3 | . 3 . . . Watcher 3 | . 3 . . . Swarmer 1 | . . 1 . . Grunt 23 | . 19 2 . 2 Sentry 1 | . . 1 . . Demolisher 1 | . . . . 1 Best Kill Streak 6 | 5 6 1 . 2 Combat Bots Only 3 | . 3 1 . 2 Max Kills in Single Turn 2 | 1 2 1 . 1 Gunslinging 1 | . 1 . . . Exploded . | . . . . . Melee . | . . . . . Uniques/NPCs Destroyed . | . . . . . Combat | -11 -10 -10 -10 -9 -------- Run | Yrd Mat Min Exi Min Hostile Shots Fired 140 | . 94 9 . 37 Missed 43 | . 31 4 . 8 Damage Taken 1612 | . 750 48 . 814 Core 256 | . 114 . . 142 Absorbed by Shields . | . . . . . Core Remaining (%) 100 | 100 . . . . Volleys Fired 183 | 22 133 22 . 6 Largest 2 | 2 2 2 . 2 Hottest 123 | 40 123 123 . 46 Shots Fired 333 | 44 243 35 . 11 Gun 313 | 44 237 21 . 11 Cannon . | . . . . . Launcher . | . . . . . Special 20 | . 6 14 . . Kinetic 313 | 44 237 21 . 11 Thermal 20 | . 6 14 . . Explosive . | . . . . . Electromagnetic . | . . . . . Robot Hit Streak 14 | 11 14 6 . 3 Robot Miss Streak 5 | 2 5 5 . 1 Penetration Max . | . . . . . Secondary Targets 3 | . 1 . . 2 Max Gunslinging Chain 1 | . 1 . . 1 Shots Hit Robots 197 | 28 153 9 . 7 Core Hits 77 | 7 58 7 . 5 Critical Kills 1 | 1 . . . . Critical Parts Destroyed . | . . . . . Critical Strikes 1 | 1 . . . . Destroy 1 | 1 . . . . Melee Attacks . | . . . . . Impact . | . . . . . Slashing . | . . . . . Piercing . | . . . . . Sneak Attacks . | . . . . . Combat Hostiles . | . . . . . Follow-up Attacks . | . . . . . Damage Inflicted 2634 | 249 2105 159 . 121 Guns 2522 | 249 1993 159 . 121 Cannons . | . . . . . Explosions 88 | . 88 . . . Melee . | . . . . . Ramming . | . . . . . Kinetic 2522 | 249 1993 159 . 121 Thermal 24 | . 24 . . . Explosive 88 | . 88 . . . Electromagnetic . | . . . . . Impact . | . . . . . Slashing . | . . . . . Piercing . | . . . . . Highest Corruption 2 | . 2 2 2 2 Average Corruption 2 | . 2 2 2 2 Corruption Purged . | . . . . . Corruption Blocked . | . . . . . Effects 93 | . 27 33 27 6 Message Errors 31 | . 7 8 13 3 Matter Fused 19 | . 5 9 4 1 Heat Flow Errors 10 | . 3 4 2 1 Energy Discharges 8 | . 3 3 2 . Parts Fused 1 | . . 1 . . Data Loss (minor) 10 | . 4 4 2 . Data Loss (major) 6 | . 2 . 3 1 Misfires 6 | . 2 4 . . Alerts 2 | . 1 . 1 . Overload Shots . | . . . . . Overflow Damage 14 | . 14 . . . Projectiles 14 | . 14 . . . Explosions . | . . . . . Melee . | . . . . . Knockbacks . | . . . . . Impact . | . . . . . Kinetic . | . . . . . Secondary . | . . . . . Self-Inflicted Damage . | . . . . . Shots . | . . . . . Rammed . | . . . . . Targets Rammed . | . . . . . Kicked . | . . . . . Crushed . | . . . . . Highest Temperature 261 | . 148 261 143 185 Average Temperature 58 | . 28 83 66 47 Received Heat Transfer 531 | . 444 9 . 78 Effects 1 | . . 1 . . Interference 1 | . . 1 . . Siege Activations . | . . . . . Robots Corrupted . | . . . . . Combat Hostiles . | . . . . . Parts Fried . | . . . . . Impact Corruptions . | . . . . . Robots Melted . | . . . . . Combat Hostiles . | . . . . . Parts Melted . | . . . . . Heat Transferred 50 | . 50 . . . Parts Sabotaged . | . . . . . Parts Stolen . | . . . . . Parts Stripped . | . . . . . Power Chain Reactions . | . . . . . Alert | -11 -10 -10 -10 -9 ------- Run | Yrd Mat Min Exi Min Peak Influence 406 | 35 406 103 . 67 Initial 48 | . 22 48 . . Average 79 | 20 139 27 . 21 Maximum Alert Level 2 | . 2 . . . Low Security (%) 90 | 100 79 100 . 100 Level 1 9 | . 20 . . . Level 2 . | . . . . . Level 3 . | . . . . . Level 4 . | . . . . . Level 5 . | . . . . . High Security . | . . . . . Max Security . | . . . . . Squads Dispatched 8 | . 7 1 . . Investigation 4 | . 4 . . . Extermination . | . . . . . Reinforcement 3 | . 3 . . . Assault 1 | . . 1 . . Garrison . | . . . . . Intercept . | . . . . . Searches Triggered . | . . . . . Construction Impeded . | . . . . . Haulers Reinforced . | . . . . . Active Scanning Responses . | . . . . . Cargo Convoy Interrupts . | . . . . . Stealth | -11 -10 -10 -10 -9 --------- Run | Yrd Mat Min Exi Min Distress Signals 4 | . 4 . . . Communications Jammed . | . . . . . Distress Signals . | . . . . . Times Spotted 64 | . 37 10 . 17 Peak Tracking Total 11 | . 4 4 . 11 Tactical Retreats 3 | . 2 1 . . Traps | -11 -10 -10 -10 -9 ------- Run | Yrd Mat Min Exi Min Traps Triggered 2 | . 2 . . . Indirectly . | . . . . . Trap Hack Attempts . | . . . . . Triggered . | . . . . . Disarmed . | . . . . . Reprogrammed . | . . . . . Reused . | . . . . . Traps Extracted . | . . . . . Installed . | . . . . . Triggered . | . . . . . Most Traps Carried 3 | . . 3 3 3 Machines | -11 -10 -10 -10 -9 ---------- Run | Yrd Mat Min Exi Min Machines Disabled 1 | . 1 . . . Max in Single Turn 1 | . 1 . . . Machines Repaired . | . . . . . Machines Dismantled . | . . . . . Machines Sabotaged . | . . . . . Overloaded Fab Kills . | . . . . . Hacking | -11 -10 -10 -10 -9 --------- Run | Yrd Mat Min Exi Min Machines Accessed 11 | . 8 . 3 . Terminals 6 | . 6 . . . Fabricators . | . . . . . Repair Stations . | . . . . . Recycling Units 2 | . 2 . . . Scanalyzers . | . . . . . Garrison Access . | . . . . . Total Hacks 35 | . 17 . 18 . Successful 29 | . 11 . 18 . Failed 5 | . 5 . . . Catastrophic . | . . . . . Database Lockouts 1 | . 1 . . . Manual 18 | . 17 . 1 . Terminals 15 | . 15 . . . Fabricators . | . . . . . Repair Stations . | . . . . . Recycling Units 2 | . 2 . . . Scanalyzers . | . . . . . Garrison Access . | . . . . . Terminal Hacks 20 | . 2 . 18 . Record 17 | . . . 17 . Robot Analysis 2 | . 2 . . . Derelict Proto ID Bank 1 | . . . 1 . Fabricator Hacks . | . . . . . Repair Station Hacks . | . . . . . Recycling Unit Hacks . | . . . . . Scanalyzer . | . . . . . Garrison Access Hacks . | . . . . . Unauthorized Hacks 9 | . 9 . . . Terminals 7 | . 7 . . . Botnet 6 | . 6 . . . Operators 1 | . 1 . . . Fabricators . | . . . . . Repair Stations . | . . . . . Recycling Units 2 | . 2 . . . Tunnel 2 | . 2 . . . Scanalyzers . | . . . . . Garrison Access . | . . . . . Data Cores Recovered . | . . . . . Used . | . . . . . Hacking Detections 6 | . 6 . . . Full Trace Events 1 | . 1 . . . Feedback Events . | . . . . . Feedback Blocked . | . . . . . Robot Schematics Acquired . | . . . . . Robots Built . | . . . . . Authchips . | . . . . . Time . | . . . . . Total Robot Build Rating . | . . . . . Part Schematics Acquired . | . . . . . Parts Built . | . . . . . Authchips . | . . . . . Time . | . . . . . Total Part Build Rating . | . . . . . Parts Repaired . | . . . . . Time . | . . . . . Parts Recycled . | . . . . . Recycled Matter . | . . . . . Retrieved Matter . | . . . . . Retrieved Components . | . . . . . Parts Scanalyzed . | . . . . . Part Schematics Acquired . | . . . . . Parts Damaged . | . . . . . Bothacking | -11 -10 -10 -10 -9 ------------ Run | Yrd Mat Min Exi Min Used RIF Installer . | . . . . . Robots Hacked . | . . . . . Non-combat . | . . . . . Combat . | . . . . . Robot Hacks Applied . | . . . . . Relay Couplers Released . | . . . . . Fabnet Peak Effective % . | . . . . . Robots Rewired . | . . . . . Allies Hacked . | . . . . . Hacks Repelled . | . . . . . Allies | -11 -10 -10 -10 -9 -------- Run | Yrd Mat Min Exi Min Total Allies 6 | . . 6 . . Largest Group 6 | . . 6 4 2 Highest-Rated Group 113 | . . 113 89 47 Highest-Rated Ally 31 | . . 31 31 31 Total Orders . | . . . . . Ally Attacks 38 | . . 23 . 15 Total Damage 490 | . . 332 . 158 Kills 7 | . . 6 . 1 Allies Corrupted . | . . . . . Allies Melted . | . . . . . Intel | -11 -10 -10 -10 -9 ------- Run | Yrd Mat Min Exi Min Robot Analysis Total 2 | . 2 . . . Derelict Logs Recovered 2 | . . 2 . . Drone Launches . | . . . . . Drone Recoveries . | . . . . . Exploration | -11 -10 -10 -10 -9 ------------- Run | Yrd Mat Min Exi Min Turns Passed 8381 | 338 3092 2416 1798 737 Spaces Moved 2752 | 161 1102 719 559 211 Core 5 | 4 1 . . . Treads 2387 | 157 741 719 559 211 Legs . | . . . . . Wheels 360 | . 360 . . . Hover . | . . . . . Flight . | . . . . . Fastest Speed 50 | 50 95 320 320 320 Average Speed 266 | 158 209 320 320 320 Slowest Speed 1550 | 200 1550 480 320 320 Overloaded Moves . | . . . . . Propulsion Burnouts . | . . . . . Robots Hopped . | . . . . . Cave-ins Triggered . | . . . . . Exploration Rate (%) 69 | 14 97 98 86 52 Regions Visited 4 Branch Regions 3 Pre-discovered Areas 3 | . 2 . 1 . Known Exits Taken . | . . . . . Unknown Exits Taken 4 | 1 1 1 1 . Scrap Searched 2 | . . 1 . 1 Spaces Dug 10 | . 4 6 . . Terrain Destroyed 28 | . 21 7 . . Melee . | . . . . . Projectile 11 | . 4 7 . . AOE 17 | . 17 . . . Terrain Rammed . | . . . . . Walls Destroyed . | . . . . . Machines Disabled . | . . . . . Actions | -11 -10 -10 -10 -9 --------- Run | Yrd Mat Min Exi Min Total 3453 | 196 1638 782 572 265 Wait 416 | . 355 20 . 41 Move 2748 | 160 1101 718 558 211 Hop . | . . . . . Pick Up 40 | 7 21 6 5 1 Fast Attach 17 | 7 6 2 2 . Attach 9 | . 4 . . 5 Detach 3 | . 1 2 . . Swap 6 | . 5 1 . . Drop 31 | . 12 11 7 1 Fire 183 | 22 133 22 . 6 Melee . | . . . . . Ram . | . . . . . Kick . | . . . . . Crush . | . . . . . Escape Stasis . | . . . . . Rewire . | . . . . . Trap . | . . . . . Miscellaneous . | . . . . . Route ------- -11/Scrapyard -10/Materials (discovered 5 exits: [*Mat x3] / [*Min] / *Sub) -10/Mines (discovered 4 exits: [*Mat x2] / *Exi / Sub) -10/Exiles -9/Mines (discovered 1 exit: [*Mat]) History --------- Turn | Location | Event 12 | -11/Scrapyard | Discovered new exit (range 16) 339 | -11/Scrapyard | Entered Materials 340 | -10/Materials | Build established: Mutant 552 | -10/Materials | Discovered new exit (range 11) 704 | -10/Materials | Discovered new exit (range 15) 1542 | -10/Materials | Discovered new exit (range 3) 1604 | -10/Materials | Central database locked down 1988 | -10/Materials | Discovered new exit (range 15) 2014 | -10/Materials | Discovered new exit (range 17) 3431 | -10/Materials | Entered Mines 3461 | -10/Mines | Discovered new exit (range 9) 3528 | -10/Mines | Joined a pair of Derelicts in attacking an 0b10 outpost 3777 | -10/Mines | Deemed a non-threat by the Exiles lab entrance 3777 | -10/Mines | Discovered new exit (range 5) 4503 | -10/Mines | Found a hidden stash of uninstalled traps 4552 | -10/Mines | Discovered new exit (range 11) 4559 | -10/Mines | Learned Materials machine intel 4565 | -10/Mines | Identified exit to Subcaves 4648 | -10/Mines | Assisted by bots powering up and referring to "LRC-V3" 4816 | -10/Mines | Met a Derelict testing a Signal Generator 5847 | -10/Mines | Entered Exiles 5847 | -10/Exiles | Accompanied by 4 allies 5877 | -10/Exiles | Led the pair of lost Derelicts to a safe place 5934 | -10/Exiles | Met 8R-AWN 5988 | -10/Exiles | Met EX-HEX 6100 | -10/Exiles | Met EX-BIN 6145 | -10/Exiles | Aligned with FarCom system 6148 | -10/Exiles | Given EX-Vault access code 6222 | -10/Exiles | Opened EX-Vault 6242 | -10/Exiles | Found Flying Fortress v7 6314 | -10/Exiles | Warned to stay clear of 0b10 Research branches 6416 | -10/Exiles | Met EX-DEC 6423 | -10/Exiles | Learned location of Zion (-6) 6555 | -10/Exiles | Visited The Gauntlet 7600 | -10/Exiles | Discovered new exit (range 10) 7645 | -10/Exiles | Left Exiles lab with Flying Fortress v7 7645 | -10/Exiles | Entered Mines 7645 | -9/Mines | Accompanied by 2 allies 8026 | -9/Mines | Discovered new exit (range 14) 8124 | -9/Mines | Found a damaged Exp. Sensor Array with a note attached 8130 | -9/Mines | Found Prototype Device 8337 | -9/Mines | Assembled infested the area 8342 | -9/Mines | Assisted by a Guerilla fighting off Assembled 8371 | -9/Mines | Core integrity fell below 50% 8378 | -9/Mines | Core integrity fell below 20% 8382 | -9/Mines | Destroyed by D-53 Grenadier with Mini Grenade Launcher Last Messages --------------- 08365_ as-07323 destroyed. 08366_ The unstable cave ceiling collapses. 08367_ as-88936 destroyed. 08368_ Autogun destroyed. 08370_ Lgt. Armor Plating destroyed. 08372_ The unstable cave ceiling collapses. 08372_ as-54233 destroyed. 08372_ as-79135 destroyed. 08373_ K-01 Serf destroyed. 08374_ The unstable cave ceiling collapses. 08375_ Ion Engine destroyed. 08375_ as-57998 destroyed. 08375_ as-17227 destroyed. 08378_ The unstable cave ceiling collapses. 08380_ U-05 Engineer lays Concrete. 08380_ D-53 Grenadier destroyed. 08380_ Switching to secondary target: D-53 Grenadier. 08381_ K-01 Serf destroyed. 08381_ U-05 Engineer lays Concrete. 08382_ The unstable cave ceiling collapses. Map ----- +----------------------------------------------------+ | ?????????????????????????????????????????????????? | | ?????????????????????????????????????????????????? | | ?????????????????????????????????????????????????? | | ?????????????????????????????????????????????????? | | ?????????????????????????????????????????????????? | | ?????????????????????????????????????????????????? | | ??????????????????? #????####?####??????????????? | | ????????????????? ##### ## ??????????????? | | ?????????????????# ???????#???????? | | ?????????????????# #?????# ???????? | | ?????????????????# ##???# ??????? | | ??????????????????# #### ??????? | | ??????????????????# % #??????? | | ??????????????????# ???????? | | ??????????????????# ?????????? | | ???????????????????? #??????????? | | ????????????????????### #???????????? | | ??????????????????### ## d #????????????? | | ???????????????#### # = #????????###### | | ????????######## % ]% #????????# | | ????????# a a %! ##????????# #### | | ????????# * % t#######???# #??? | | ????????# ###### %* #???# #??? | | ?????????????????# u #???# #??? | | ??????????????????# #### ##### #??? | | ??????????????????# @ ####??# #??? | | ??????????????????# #????# #######??? | | ??????????????????## ##????# #????????? | | ???????????????????### # #?????# #????????? | | ?????????????????????### ######### #????????? | | ??????????????????????##### #### #????????? | | ???????????????????????????##?# ##???????? | | ??????????????????????????????# """ #???????? | | ??????????????????????????????## """ #???????? | | ???????????????????????????????## """ #???????? | | ???????????????????????????###### ##???????? | | ???????????????????????????#% ##????????? | | ??????????????????????###### ## #?????????? | | ?????????????????????##[=%=%!## ## ##?????????? | | ???????????????####?## ####=### ######??????????? | | ?????????####### ### #??#=#?###???????????????? | | ????????## #??# #???????????????????? | | ????????# ##??#!#???????????????????? | | ????????# #####!#########???????????? | | ????????## ### #??????????? | | ?????????### ##?# #??????????? | | ???????????### #??# #??????????? | | ?????????????## ##?# #??????????? | | ?????????????## ### """ #??????????? | | ????????????## ## """ #??????????? | +----------------------------------------------------+ Best States ------------- Heat Dissipation 25 Energy Generation 10 Energy Capacity 350 Matter Stores 300 Matter Capacity 300 Sight Range 18 Terrain Scan Density 10 Armor Coverage 150 Evasion (%) 41 Recoil Reduction 2 Item Schematics ----------------- None Robot Schematics ------------------ None Fabricated ------------ Nothing Alien Tech Used ----------------- None Achievements -------------- None Challenges ------------ None Game ------ Seed WarpCarbideModule Manual? 0 Play Time 00:29:08 Cumulative 30.4 hours Start 2024.11.09 @ 10:57:36 End 2024.11.09 @ 11:26:13 Sessions 1 Manual Loads 0 Difficulty Rogue Special Mode None Game No. 64 Rogue 64 Adventurer 0 Explorer 0 Win Type - Total 0 Types 0/0/0/0/0/0/0/0/0 Lore% 29 Gallery% 26 Achievement% 28 Wizard Run 0 Options --------- Layout 0 ASCII 0 Keyboard 0 Movement Mouse Keybinds 0 Fullscreen 1 Font 24/Smallcaps Map View 91x25 Zoom Use 90% Tactical HUD 1 Map Filters NONE Filters NONE Steam 1 RUN: 0b91f0cf-7f70-469d-b51b-6077953fe3dd